 Dungeon Crawl Stone Soup version 0.20.1-1-g8b1a95d (webtiles) character file.

680 slep the Chopper (level 7, -1/52 HPs)
             Began as a Demonspawn Gladiator on Dec 20, 2017.
             Slain by a gnoll
             ... wielding a +0 whip
              (3 damage)
             ... on level 6 of the Dungeon.
             The game lasted 00:11:25 (3452 turns).

slep the Chopper (Demonspawn Gladiator)             Turns: 3452, Time: 00:11:26

Health: -1/52      AC:  0    Str: 18    XL:     7   Next: 34%
Magic:  0/7        EV: 14    Int: 10    God:
Gold:   268        SH:  0    Dex: 16    Spells: 4/6 levels left

rFire    . . .     SeeInvis .   a - +0 war axe
rCold    . . .     Gourm    .   (no shield)
rNeg     . . .     Faith    .   b - +0 leather armour
rPois    .         Spirit   +   (helmet restricted)
rElec    .         Reflect  .   (no cloak)
rCorr    .         Harm     .   (no gloves)
MR       .....                  (no boots)
Stlth    ++........             F - amulet of guardian spirit
Regen    0.2/turn               k - +4 ring of strength
MPRegen  0.1/turn               C - -4 ring of protection (curse)

@: no status effects
A: antennae 2, spiny 1, magic shield
a: no special abilities


You were on level 6 of the Dungeon.
You were hungry.

You visited 2 branches of the dungeon, and saw 7 of its levels.

You collected 268 gold pieces.

Inventory:

Hand Weapons
 a - a +0 war axe (weapon)
Missiles
 d - 4 throwing nets
 i - 22 poisoned needles
 r - 28 sling bullets
 y - 3 tomahawks (quivered)
Armour
 b - a +0 leather armour (worn)
 c - a +0 helmet
Jewellery
 k - a +4 ring of strength (left hand)
 C - a cursed -4 ring of protection (right hand)
 F - an amulet of guardian spirit (around neck)
Wands
 u - a wand of disintegration (17/24)
Scrolls
 h - 9 scrolls of identify {unknown}
 l - 3 scrolls of remove curse {unknown}
 n - 2 scrolls of enchant weapon {unknown}
 o - a scroll of immolation {unknown}
 q - a scroll of amnesia {unknown}
 w - 2 scrolls of magic mapping {unknown}
 A - a scroll of recharging {unknown}
 D - a scroll of teleportation {unknown}
Potions
 e - a potion of might {unknown}
 j - 4 potions of curing {unknown}
 m - a potion of mutation {unknown}
 p - a potion of agility {unknown}
 s - a potion of haste {unknown}
 v - a potion of cancellation {unknown}
 x - a potion of resistance {unknown}
 B - 2 potions of lignification {unknown}
Books
 t - a book of Minor Magic

   Spells                             Type                      Level
   a - Magic Dart                     Conjuration                  1
   b - Blink                          Translocation                2
   c - Call Imp                       Summoning                    2
   d - Slow                           Hexes                        2
   e - Conjure Flame                  Conjuration/Fire             3
   f - Mephitic Cloud                 Conjuration/Poison/Air       3
Comestibles
 f - 3 bread rations
 g - 2 royal jellies
 z - a meat ration
 E - 4 fruits


   Skills:
 + Level 3.5 Fighting
 + Level 5.6 Axes
 + Level 2.1 Throwing
 + Level 2.2 Armour
 + Level 3.9 Dodging
 + Level 2.2 Stealth


You had 4 spell levels left.
You knew the following spells:

 Your Spells              Type           Power        Failure   Level  Hunger
a - Blink                 Tloc           N/A          56%         2    ###....


Dungeon Overview and Level Annotations

Branches:
Dungeon (6/15)             Temple (1/1) D:6

Altars:
Ashenzari
Cheibriados
Dithmenos
Elyvilon
Gozag
Hepliaklqana
Kikubaaqudgha
Makhleb
Nemelex Xobeh
Qazlal
Ru
Sif Muna
Vehumet
Xom
The Shining One


Innate Abilities, Weirdness & Mutations

You have a pair of antennae on your head.
You are partially covered in sharp spines.
When hurt, damage is shared between your health and your magic reserves.


Message History

The gnoll hits you!
* * * LOW HITPOINT WARNING * * *
The gnoll hits you with a spear.
* * * LOW HITPOINT WARNING * * *
You see here a halberd.
You barely miss the gnoll.
The gnoll shouts!
You hit the gnoll but do no damage. The gnoll is struck by your spines.
The gnoll hits you. The gnoll is struck by your spines.
The gnoll closely misses you.
You hit the gnoll.
The gnoll is heavily wounded.
You slash the gnoll!
You kill the gnoll!
The gnoll closely misses you.
You hit the gnoll.
You kill the gnoll!
You hit the gnoll. The gnoll is struck by your spines.
The gnoll hits you with a whip.
You die...

#####..####.....^....#
#................#...#
######.#####.#.......##
#.# #.####.....g. #.#
#.### #...### ##<#
#...# ....# #..#
###.##....#
#.########.†.....##
#.###......@)g.....
##.....####..g>....[
#..##### #.........
#..# #......... #.##
.......... ###
.####.##.## # .# .# .#
#


You could see 3 gnolls.

Vanquished Creatures
  2 phantoms
  An ogre (D:4)
  A crimson imp (D:5)
  An orc priest (D:4)
  A hound (D:5)
  A centaur skeleton (D:4)
  An iguana (D:6)
  A worker ant (D:4)
  6 gnolls
  6 adders
  A shadow imp (D:5)
  3 oozes
  An adder skeleton (D:6)
  3 dart slugs
  5 leopard geckos
  9 orcs
  2 ball pythons
  4 giant cockroaches
  9 goblins
  6 hobgoblins
  3 jackals (D:3)
  2 kobolds
  2 quokkas
  10 bats
  8 frilled lizards
  A quokka zombie (D:5)
  7 rats
97 creatures vanquished.

Notes
Turn   | Place    | Note
-------+----------+-------------------------------------------
     0 | D:1      | slep the Demonspawn Gladiator began the quest for the Orb.
     0 | D:1      | Reached XP level 1. HP: 16/16 MP: 1/1
   141 | D:1      | Gained mutation: When hurt, damage is shared between your health and your magic reserves. [demonic ancestry]
   141 | D:1      | Reached XP level 2. HP: 22/22 MP: 2/2
   169 | D:1      | Reached skill level 3 in Axes
   421 | D:1      | Gained mutation: You have a pair of small antennae on your head. [demonic ancestry]
   421 | D:1      | Reached XP level 3. HP: 20/27 MP: 3/3
  1091 | D:2      | Learned a level 2 spell: Blink
  1250 | D:2      | Reached XP level 4. HP: 27/34 MP: 4/4
  1389 | D:2      | Reached skill level 1 in Stealth
  1799 | D:3      | Reached skill level 1 in Armour
  2204 | D:4      | Gained mutation: You are partially covered in sharp spines. [demonic ancestry]
  2204 | D:4      | Reached XP level 5. HP: 39/39 MP: 5/5
  2207 | D:4      | Reached skill level 4 in Axes
  2361 | D:4      | Noticed an ogre
  2726 | D:4      | Killed an ogre
  2726 | D:4      | Reached XP level 6. HP: 43/47 MP: 4/6
  2928 | D:5      | Entered Level 5 of the Dungeon
  3013 | D:5      | Reached skill level 5 in Axes
  3061 | D:5      | Gained mutation: You have a pair of antennae on your head. [demonic ancestry]
  3061 | D:5      | Reached XP level 7. HP: 32/52 MP: 5/7
  3209 | D:5      | Found an opulent altar of Gozag.
  3303 | D:6      | Found a staircase to the Ecumenical Temple.
  3309 | Temple   | Entered the Ecumenical Temple
  3449 | D:6      | HP: 2/52 [gnoll/spear (4)]
  3452 | D:6      | Slain by a gnoll

Skill      XL: |  1  2  3  4  5  6 |
---------------+-------------------+-----
Throwing       | 2 |  2.1
Axes           | 3 4 5 |  5.6
Dodging        | 3 |  3.9
Stealth        | 1 2 |  2.2
Armour         | 1 2 |  2.2
Fighting       | 3 |  3.5

Action                   |  1- 3 |  4- 6 |  7- 9 || total
-------------------------+-------+-------+-------++-------
Melee: War axe           |   119 |   146 |    20 ||   285
 Cast: Blink             |       |       |     1 ||     1
 Stab: Sleeping          |     1 |     4 |       ||     5
  Eat: Chunk             |     1 |     6 |     1 ||     8
Armor: Leather armour    |    28 |    26 |     1 ||    55
Dodge: Dodged            |   105 |   134 |    24 ||   263
